 Dungeon Crawl Stone Soup version 0.32-a0-612-g1c984fe9d1 (webtiles) character file.

Game seed: 11170577038223589793

11781 ezpacito the Cleaver (level 11, -1/103 HPs)
             Began as a Coglin Chaos Knight on Mar 4, 2024.
             Was a Plaything of Xom.
             Slain by a vampire (5 damage)
             ... on level 10 of the Dungeon.
             The game lasted 00:13:23 (8233 turns).

ezpacito the Cleaver (Coglin Chaos Knight)          Turns: 8233, Time: 00:13:23

Health: -1/103     AC: 10    Str: 20    XL:     11   Next: 83%
Magic:  26/26      EV: 13    Int: 16    God:    Xom [..*...]
Gold:   450        SH:  6    Dex: 11    Spells: 18/18 levels left

rFire   . . .        w - +7 hand axe "Iskie" {flame, MP+9 Int+5}
rCold   . . .        a - +0 hand axe (chaos) {Soledad}
rNeg    . . .        p - +1 acid dragon scales
rPois   .            (helmet restricted)
rElec   .            (no cloak)
rCorr   +            (no gloves)
SInv    .            n - +0 pair of boots
Will    .....        (amulet unavailable)
Stlth   ++           (ring unavailable)
HPRegen 0.37/turn    (ring unavailable)
MPRegen 0.20/turn    (no gizmo)

%: random rage (3%)
@: on berserk cooldown, slowed, revving, very slow
A: off-hand wielding, slow wielding, warmup strikes, no jewellery, horns 2,
large bone plates 2, berserk 1, clumsy 1, robust 2, strong 1, teleportitis 1,
inability to read after injury 1
a: Invent Gizmo, Renounce Religion


You were on level 10 of the Dungeon.
You worshipped Xom.
You were a toy of Xom.
You visited 2 branches of the dungeon, and saw 11 of its levels.

You collected 642 gold pieces.
You spent 192 gold pieces at shops.

Inventory:

Hand Weapons
 a - a +0 hand axe of chaos (offhand) {Soledad}
 f - a +2 hand axe of electrocution
 u - a +3 hand axe
 v - a +0 longbow of draining
 w - the +7 hand axe "Iskie" (weapon) {flame, MP+9 Int+5}
   (You bought it in a shop on level 3 of the Dungeon)

   Int+5:     It affects your intelligence (+5).
   MP+9:      It affects your magic capacity (+9).
Missiles
 e - 8 javelins (quivered)
 o - 8 poisoned darts
Armour
 j - a +1 hat
 n - a +0 pair of boots (worn)
 p - +1 acid dragon scales (worn)
 r - a +0 helmet
Magical Staves
 h - a staff of conjuration
 y - a staff of fire
 D - a staff of air
Talismans
 A - a granite talisman
Wands
 C - a wand of charming (5)
 F - a wand of flame (4)
Scrolls
 b - a scroll of poison
 c - a scroll of butterflies
 d - a scroll of fog
 g - 4 scrolls of fear
 k - a scroll of immolation
 l - 4 scrolls of amnesia
 m - a scroll of torment
 t - 4 scrolls of teleportation
 x - 3 scrolls of noise
 B - a scroll of blinking
Potions
 i - a potion of heal wounds {unknown}
 q - 6 potions of curing
 s - 3 potions of magic
 z - 2 potions of enlightenment
 E - a potion of might {unknown}
 G - 2 potions of brilliance {unknown}


   Skills:
 * Level 8.0 Fighting
 * Level 8.1(8.8) Axes
 + Level 4.8(6.8) Polearms
 * Level 7.2 Armour
 * Level 6.8 Dodging
 + Level 4.9 Stealth
 + Level 4.4 Spellcasting
 + Level 6.9 Evocations


You had 18 spell levels left.
You didn't know any spells.
Your spell library contained the following spells:

 Spells                   Type           Power      Damage    Failure   Level
 Kiss of Death            Conj/Necr      12%        2d6       21%         1
 Sandblast                Erth           6%         2d5       21%         1
 Slow                     Hex            12%        N/A       21%         1
 Ensorcelled Hibernation  Hex/Ice        6%         N/A       30%         2
 Confusing Touch          Hex            3%         N/A       52%         3
 Ozocubu's Armour         Ice            3%         N/A       52%         3
 Passwall                 Erth           3%         N/A       52%         3
 Sigil of Binding         Hex            3%         N/A       52%         3
 Stone Arrow              Conj/Erth      6%         3d7       52%         3
 Swiftness                Air            3%         N/A       52%         3
 Vampiric Draining        Necr           3%         2d6       52%         3
 Brom's Barrelling Bould  Conj/Erth      3%         2d3       89%         4
 Dispel Undead            Necr           3%         3d7       89%         4
 Metabolic Englaciation   Hex/Ice        1%         N/A       99%         5
 Sculpt Simulacrum        Ice/Alch       1%         N/A       100%        6


Dungeon Overview and Level Annotations

Branches:
Dungeon (10/15)            Temple (1/1) D:4            Lair (0/5) D:8
    Orc: D:9-12

Altars:
Ashenzari
Cheibriados
Dithmenos
Elyvilon
Fedhas
Gozag
Hepliaklqana
Kikubaaqudgha
Makhleb
Nemelex Xobeh
Okawaru
Qazlal
Ru
Sif Muna
Trog
Uskayaw
Vehumet
Xom
Yredelemnul
Zin
The Shining One

Shops:
D:3 (   D:5 =


Innate Abilities, Weirdness & Mutations

You can wield a second weapon in your off-hand.
It takes a long time for you to wield or remove held weapons.
Your first few attacks do less damage.
You cannot equip rings or amulets.
You have a pair of horns on your head.
You are mostly covered in large bone plates. (SH +6)
You sometimes lose your temper in combat.
You are clumsy. (Dex -2)
You are very robust. (+20% HP)
Your muscles are strong. (Str +4, Int/Dex -1)
You are occasionally teleported next to monsters.
You occasionally lose the ability to read scrolls when taking damage.


Message History

Your ice beast closely misses the vampire.
You regained 7 hp, and now have 59/103 hp.
Okay, then.
You hit the vampire with the +7 hand axe "Iskie".
You burn the vampire.
The vampire is severely damaged.
You hit the vampire with your +0 hand axe of chaos.
The vampire convulses.
The vampire draws life force from you!!
The vampire is healed by the life force!
Your ice beast misses the vampire.
The orc barely misses your ice beast.
The vampire mumbles some strange words.
The vampire flickers and vanishes!
Deactivating autopickup; reactivate with Ctrl-A.
You take 19 damage, and have 40/103 hp.
You slash something with the +7 hand axe "Iskie"!
You burn something. Your headbutt misses something.
You hit something but do no damage. Something draws life force from you!
The orc hits your ice beast with a +0 short sword.
Your ice beast hits the orc.
Your ice beast freezes the orc.
The orc dies!
You take 8 damage, and have 32/103 hp.
You barely miss something with your +0 hand axe of chaos.
You barely miss something with the +7 hand axe "Iskie".
Something draws life force from you.
* * * LOW HITPOINT WARNING * * *
You take 6 damage, and have 26/103 hp.
You feel better. Something hits you!
* * * LOW HITPOINT WARNING * * *
Something bites you.
* * * LOW HITPOINT WARNING * * *
Something draws strength from your injuries!
Something hits you but does no damage. Something bites you!
* * * LOW HITPOINT WARNING * * *
Something draws strength from your injuries!
You take 22 damage, and have 4/103 hp.
MASSIVE DAMAGE!!
Okay, then.
As you read the scroll of fear, it crumbles to dust.
You assume a fearsome visage.
Nothing appears to happen.
Something hits you.
You die... "It's all fun and games until someone loses an eye."

###############
#..............
###.....!........
##.#..)...@Y)##
##......))..{...!..
#...#.)#.)......... ###
#...#.)#!...!......
..####...#...........$..
#...##...#################
#...##..........#
#..########
#.#............##
#..........
..#..##........##
#..........


You could see a friendly ice beast (summoned).

Vanquished Creatures
  2 two-headed ogres (D:8)
  Pikel (D:9)
  An unseen horror (D:10)
  A komodo dragon (D:8)
  A kobold demonologist (D:9)
  Prince Ribbit (D:7)
  28 yaks
  A wyvern (D:8)
  2 steam dragons
  3 vampire mosquitoes
  Menkaure (D:5)
  Edmund (D:4)
  2 acid dragons
  2 sky beasts
  3 ice beasts
  2 orc warriors
  3 black bears
  3 ogres
  3 centaurs
  2 lemures (D:8)
  2 phantoms
  Blork the orc (D:5)
  5 bullfrogs
  A gnoll sergeant (D:9)
  4 scorpions
  6 wights
  6 killer bees
  2 hounds
  8 orc priests
  A gnoll bouda (D:8)
  3 iguanas
  2 sleepcaps
  4 orc wizards
  3 killer bee zombies (D:8)
  An ogre zombie (D:8)
  A mummy (D:8)
  13 gnolls
  7 adders
  3 shadow imps
  3 white imps
  5 ufetubi
  A dart slug (D:4)
  2 ribbon worms
  37 orcs
  5 bats
  6 endoplasms
  4 giant cockroaches
  5 goblins
  9 hobgoblins
  10 jackals
  5 kobolds
  3 quokkas
  12 ball pythons
  4 frilled lizards
  5 rats
252 creatures vanquished.

Vanquished Creatures (collateral kills)
  An orc priest (D:10)
  An orc (D:10)
2 creatures vanquished.

Vanquished Creatures (others)
  A steam dragon (D:8)
  2 lemures (D:8)
3 creatures vanquished.

Grand Total: 257 creatures vanquished

Notes
Turn   | Place    | Note
-------+----------+-------------------------------------------
     0 | D:1      | ezpacito the Coglin Chaos Knight began the quest for the
                  | Orb.
     0 | D:1      | Reached XP level 1. HP: 18/18 MP: 1/1
    94 | D:1      | Reached skill level 1 in Dodging
   100 | D:1      | Reached XP level 2. HP: 20/24 MP: 2/2
   159 | D:1      | XOM: smoke on damage
   252 | D:1      | Reached XP level 3. HP: 12/29 MP: 3/3
   469 | D:1      | XOM: cloud trail
   688 | D:2      | Reached XP level 4. HP: 26/35 MP: 4/4
   813 | D:2      | Found a faded altar of an unknown god.
  1370 | D:3      | Noticed a phantom
  1382 | D:3      | Killed a phantom
  1383 | D:3      | Reached skill level 1 in Polearms
  1383 | D:3      | Reached skill level 1 in Stealth
  1383 | D:3      | Reached skill level 1 in Evocations
  1383 | D:3      | Reached XP level 5. HP: 33/41 MP: 4/6
  1518 | D:3      | XOM: give mutations
  1518 | D:3      | Gained mutation: You are robust. (+10% HP) [Xom's grace]
  1518 | D:3      | Gained mutation: You are very robust. (+20% HP) [Xom's
                  | grace]
  1518 | D:3      | Gained mutation: You possess an exceptional clarity of
                  | mind. [Xom's grace]
  1518 | D:3      | Gained mutation: Your spells are a little harder to cast,
                  | but a little more powerful. [Xom's grace]
  1958 | D:3      | Found Vuol's Antique Weapon Shoppe.
  1960 | D:3      | Bought a blackened hand axe for 192 gold pieces
  1960 | D:3      | Identified the +7 hand axe "Iskie" {flame, MP+9 Int+5} (You
                  | bought it in a shop on level 3 of the Dungeon)
  2108 | D:3      | XOM: divination: magic mapping
  2294 | D:4      | Found a staircase to the Ecumenical Temple.
  2300 | Temple   | Entered the Ecumenical Temple
  2343 | D:4      | Reached XP level 6. HP: 57/57 MP: 7/7
  2378 | D:4      | Noticed Edmund
  2395 | D:4      | Killed Edmund
  2396 | D:4      | Reached skill level 1 in Spellcasting
  2505 | D:4      | XOM: god gift: staff of conjuration
  2545 | D:4      | XOM: give mutation
  2545 | D:4      | Gained mutation: You have a pair of small horns on your
                  | head. [Xom's grace]
  2611 | D:4      | Noticed a steam dragon
  2612 | D:4      | XOM: 7-stop teleportation journey
  2651 | D:4      | Killed a steam dragon
  2652 | D:4      | Reached XP level 7. HP: 60/64 MP: 8/8
  2791 | D:5      | Entered Level 5 of the Dungeon
  2887 | D:5      | XOM: summons 4 hostile demons
  2926 | D:5      | Found an opulent altar of Gozag.
  3078 | D:5      | Noticed Blork the orc
  3088 | D:5      | Killed Blork the orc
  3242 | D:5      | XOM: enchant monster (bad)
  3283 | D:5      | Reached XP level 8. HP: 68/73 MP: 10/10
  3319 | D:5      | Found Visuun's Jewellery Shoppe.
  3336 | D:5      | Noticed Menkaure
  3339 | D:5      | XOM: smoke on damage
  3340 | D:5      | XOM: summons friendly ufetubus
  3345 | D:5      | Killed Menkaure
  3406 | D:5      | XOM: 7-stop teleportation journey
  3492 | D:5      | XOM: scenery: summon butterflies
  3757 | D:5      | XOM: god gift: staff of fire
  3772 | D:5      | XOM: give mutations
  3772 | D:5      | Gained mutation: You occasionally lose the ability to read
                  | scrolls when taking damage. [Xom's mischief]
  3772 | D:5      | Gained mutation: You are agile. (Dex +4, Str/Int -1) [Xom's
                  | mischief]
  3772 | D:5      | Lost mutation: You are agile. (Dex +4, Str/Int -1) [Xom's
                  | mischief]
  3772 | D:5      | Lost mutation: You possess an exceptional clarity of mind.
                  | [Xom's mischief]
  3863 | D:5      | XOM: draining
  4069 | D:6      | XOM: 2-stop teleportation journey
  4163 | D:6      | Reached skill level 5 in Axes
  4167 | D:6      | Reached skill level 5 in Fighting
  4500 | D:6      | XOM: 12-stop teleportation journey
  4510 | D:6      | XOM: give mutations
  4510 | D:6      | Lost mutation: Your spells are a little harder to cast, but
                  | a little more powerful. [Xom's mischief]
  4510 | D:6      | Gained mutation: You sometimes lose your temper in combat.
                  | [Xom's mischief]
  4510 | D:6      | Gained mutation: You are occasionally teleported next to
                  | monsters. [Xom's mischief]
  4510 | D:6      | Gained mutation: You are clumsy. (Dex -2) [Xom's mischief]
  4525 | D:6      | XOM: noise
  4590 | D:6      | Reached XP level 9. HP: 80/81 MP: 12/12
  4938 | D:6      | XOM: give mutation
  4938 | D:6      | Gained mutation: You have hidden genetic potential. [Xom's
                  | grace]
  5101 | D:7      | XOM: blink monster(s)
  5337 | D:7      | Noticed Prince Ribbit
  5338 | D:7      | XOM: confuse monster(s)
  5345 | D:7      | Killed Prince Ribbit
  5348 | D:7      | Reached skill level 5 in Armour
  5373 | D:7      | XOM: potion effect (heal wounds)
  5450 | D:7      | XOM: silly message
  6137 | D:8      | Reached skill level 5 in Dodging
  6137 | D:8      | Reached XP level 10. HP: 73/91 MP: 14/14
  6140 | D:8      | Reached skill level 5 in Evocations
  6144 | D:8      | XOM: 2-stop teleportation journey
  6156 | D:8      | Gained mutation: You are partially covered in large bone
                  | plates. (SH +4) [hidden potential]
  6210 | D:8      | XOM: summons 6 hostile demons
  6309 | D:8      | Noticed Pikel
  6321 | D:8      | XOM: destruction
  6323 | D:8      | XOM: summons friendly quasit
  6334 | D:8      | Noticed a two-headed ogre
  6338 | D:8      | XOM: summons friendly ufetubus
  6343 | D:8      | Killed a two-headed ogre
  6582 | D:8      | XOM: enchant monster (good)
  6673 | D:8      | Noticed a two-headed ogre
  6682 | D:8      | Killed a two-headed ogre
  6737 | D:8      | Reached XP level 11. HP: 100/100 MP: 16/16
  6865 | D:8      | Found a staircase to the Lair.
  6877 | D:8      | XOM: confusion (+ monsters)
  7093 | D:9      | Gained mutation: You have a pair of horns on your head.
                  | [hidden potential]
  7093 | D:9      | Lost mutation: You have hidden genetic potential. [hidden
                  | potential expressed]
  7139 | D:9      | Killed Pikel
  7438 | D:9      | XOM: enchant monster (bad)
  7673 | D:9      | XOM: give mutations
  7673 | D:9      | Gained mutation: Your muscles are strong. (Str +4, Int/Dex
                  | -1) [Xom's grace]
  7673 | D:9      | Gained mutation: You are mostly covered in large bone
                  | plates. (SH +6) [Xom's grace]
  7739 | D:10     | Entered Level 10 of the Dungeon
  7829 | D:10     | XOM: god gift: runed longbow {god gift}
  8217 | D:10     | XOM: cast spell 'Summon Ice Beast'
  8219 | D:10     | XOM: cast spell 'Cause Fear'
  8232 | D:10     | HP: 4/103 [something (15)]
  8233 | D:10     | Slain by a vampire

Illustrated notes

Levels and vault maps discovered:
D:1:      eino_arrival_water_cross, layout_basic
D:2:      layout_loops_cross, hellmonk_ecumenical_altar_inner_sanctum
D:3:      layout_loops_ring, serial_shops, shop, hangedman_decor_slide_cut
D:4:      layout_rooms, minmay_temple_entry_enclosed_plants, uniq_edmund
D:5:      layout_cave_pods, grunt_gozag_statues, serial_shops,
          nicolae_shop_back_alley_shop, uniq_blork_the_orc, uniq_menkaure
D:6:      layout_gridville, serial_co_window_serial, co_window_paths_a,
          co_window_of_opportunity_a, co_window_corner_a, co_window_paths_b,
          co_window_corner_a, co_window_broadway_a, co_window_corner_b,
          co_window_corner_b, co_window_broadway_a, co_window_broadway_c,
          co_window_broadway_b, co_window_4corner_b, glass_columns_a,
          glass_columns_a, glass_columns_b, corexii_checkpoint
D:7:      layout_basic, minmay_fractal_squares_diagonal_5, uniq_prince_ribbit1
D:8:      kennysheep_steamy, layout_rooms, david_lair_shrubbed,
          minmay_mini_ossuary, uniq_pikel
D:9:      layout_rooms
D:10:     layout_rooms, kennysheep_little_box, erik_orc_1, serial_shops,
          nicolae_shop_industrial_runoff, nicolae_tricolors
Temple:   nicolae_temple_slightly_damp_pantheon

Skill      XL: |  1  2  3  4  5  6  7  8  9 10 11 |
---------------+----------------------------------+-----
Dodging        | 1 2 3 4 5 6 |  6.8
Armour         | 2 3 4 5 6 7 |  7.2
Polearms       | 1 2 3 4 |  4.8
Stealth        | 1 2 3 4 |  4.9
Evocations     | 1 2 3 4 6 |  6.9
Spellcasting   | 1 2 3 4 |  4.4
Fighting       | 4 5 6 7 8 |  8.0
Axes           | 4 5 6 7 8 |  8.1

Action                     |  1- 3 |  4- 6 |  7- 9 | 10-12 || total
---------------------------+-------+-------+-------+-------++-------
  Melee: Hand axe          |    87 |   121 |   258 |   384 ||   850
         Dagger            |    78 |       |       |       ||    78
         Spear             |       |    68 |       |       ||    68
         Headbutt          |       |     3 |    27 |    51 ||    81
  Throw: Javelin           |       |       |       |     3 ||     3
    Use: Scroll            |       |     4 |    12 |     1 ||    17
         Potion            |       |     3 |     1 |     5 ||     9
   Stab: Sleeping          |       |     4 |       |     3 ||     7
         Confused          |       |       |     3 |     1 ||     4
         Distracted        |       |       |     1 |       ||     1
         Petrifying        |       |       |     1 |       ||     1
         Petrified         |       |       |       |    14 ||    14
         Paralysed         |       |       |       |     1 ||     1
 Armour: Leather armour    |    59 |    48 |       |       ||   107
         Chain mail        |       |     9 |   114 |       ||   123
         Acid dragon scale |       |       |    31 |   157 ||   188
  Dodge: Dodged            |    69 |    45 |    72 |   128 ||   314
  Block: Other             |       |       |       |    35 ||    35

Table legend: (Time is in decaauts)
 A = Elapsed time spent in this place.
 B = Non-inter-level travel time spent in this place.
 C = Inter-level travel time spent in this place.
 D = Time resting spent in this place.
 E = Time spent auto-exploring this place.
 F = Levels seen in this place.
 G = Mean time per level.
                   A        B        C        D        E       F      G
               +--------+--------+--------+--------+--------+-----+--------+
         Total |   8281 |   7969 |    312 |    713 |   5757 |  11 |  752.8 |
       Dungeon |   8279 |   7967 |    312 |    713 |   5757 |  10 |  827.9 |
        Temple |      1 |      1 |      0 |      0 |      0 |   1 |    1.0 |
               +--------+--------+--------+--------+--------+-----+--------+

Top non-repeatable levels by time:
     D:6: 1166 daAuts
     D:5: 1162 daAuts
     D:7: 1036 daAuts
     D:8: 972 daAuts
     D:3: 925 daAuts
     D:2: 688 daAuts
     D:1: 678 daAuts
     D:9: 667 daAuts
     D:4: 493 daAuts
    D:10: 487 daAuts
  Temple: 1 daAuts
